AoeStats
← NPG | FishCL

Nomad

507319736Analyzed
4v4 RM · 13d ago on Sep 17, 2026· 33m 10s· 8 players
Game mode
Random Map
Map size
231×231
Population
200
Speed
Normal
Resources
Standard
Victory
Conquest
Starting age
Dark Age
Ending age
Imperial Age
RankedLock teamsTeams togetherTeam positionsShared explorationLock speedFull tech treeHidden civsTurbo modeCheats
Victory
Defeat
🇨🇳 Berbers · China
1518
+16
🇦🇷 Persians · Argentina
1515
+16
🇬🇧 Dravidians · United Kingdom
1492
+17
🇪🇨 Armenians · Ecuador
1462
+18
🇨🇱 Burgundians · Chile
1601
-21
🇨🇱 Wei · Chile
1563
-19
🇨🇱 Persians · Chile
1495
-16
🇨🇱 Vietnamese · Chile
1375
-11
Maty
6:24 Loom
12:54 Feudal Age
13:57 Double-Bit Axe
16:12 Forging
17:12 Fishing Lines
22:48 Castle Age
20:34 Horse Collar
21:40 Gold Mining
22:30 Scale Mail Armor
22:56 Man-at-Arms
23:50 Bow Saw
24:34 Squires
24:06 Long Swordsman
26:59 Pikeman
32:52 Sanctity
[TOX2] A-c-Syno-666
5:59 Loom
12:51 Feudal Age
16:31 Castle Age
15:59 Horse Collar
16:11 Gold Mining
17:34 Double-Bit Axe
18:29 Wheelbarrow
18:58 Bow Saw
19:30 Heavy Plow
24:14 Forging
25:45 Bloodlines
26:10 Husbandry
26:25 Scale Barding Armor
28:00 Chain Barding Armor
29:58 Gold Shaft Mining
30:00 Iron Casting
网恋被骗50块
5:03 Loom
15:43 Feudal Age
17:54 Fishing Lines
18:02 Double-Bit Axe
18:11 Gold Mining
18:21 Stone Mining
20:41 Castle Age
20:24 Bloodlines
20:18 Town Watch
23:16 Gillnets
24:13 Wheelbarrow
23:49 Fletching
24:00 Padded Archer Armor
24:01 Husbandry
24:27 Bow Saw
25:01 Medium Warships
31:32 Imperial Age
29:11 Bodkin Arrow
29:48 Leather Archer Armor
30:00 Kasbah
31:40 Ballistics
Catastrophic
4:40 Loom
12:40 Feudal Age
14:44 Double-Bit Axe
16:23 Fletching
20:04 Castle Age
18:07 Horse Collar
18:17 Fishing Lines
21:07 Bow Saw
23:52 Wheelbarrow
25:45 Town Watch
26:38 Wheelbarrow
26:19 Gillnets
27:48 Medium Warships
28:34 Bodkin Arrow
32:37 Imperial Age
30:14 Heavy Plow
30:14 Gold Mining
33:32 Ballistics
33:15 Padded Archer Armor
NPG | El Compadre
5:54 Loom
9:01 Double-Bit Axe
10:56 Fishing Lines
15:11 Feudal Age
15:51 Horse Collar
18:47 Castle Age
17:12 Bow Saw
17:16 Stone Mining
19:29 Town Watch
19:45 Fletching
24:04 Gillnets
27:48 Stone Shaft Mining
32:22 Bodkin Arrow
[ECU]MiTo
3:59 Loom
12:28 Feudal Age
13:46 Double-Bit Axe
18:46 Gold Mining
19:19 Fletching
22:48 Castle Age
23:28 Wheelbarrow
22:39 Horse Collar
23:43 Medium Warships
23:46 Bow Saw
23:45 Bodkin Arrow
25:03 Clinker Construction
25:38 Ballistics
28:15 Hand Cart
28:42 Careening
NPG | Dequetelasdai
4:52 Loom
12:39 Feudal Age
13:39 Double-Bit Axe
15:39 Fletching
23:49 Castle Age
23:05 Forging
22:40 Horse Collar
24:13 Scale Barding Armor
NPG | FishCL
5:12 Loom
12:56 Feudal Age
16:57 Castle Age
16:53 Stone Mining
18:47 Double-Bit Axe
20:08 Fletching
21:13 Bodkin Arrow
25:47 Horse Collar
28:16 Bow Saw
30:52 Wheelbarrow
30:48 Scale Barding Armor
32:10 Heavy Plow
33:45 Chain Barding Armor
Connection lost

Rejoining the realm…

Still unreachable

The connection could not be restored.

Session expired

The server has moved on; the page needs a fresh start.